 Dungeon Crawl Stone Soup version 0.27-a0-65-gfb268537a3 (webtiles) character file.

Game seed: 9870943476942847742

1864 robertstho the Grappler (level 8, -5/73 (79) HPs)
             Began as a Troll Fighter on Jan 8, 2021.
             Was an Initiate of Gozag.
             Slain by a sun demon (13 damage)
             ... summoned by a kobold demonologist
             ... in a bailey.
             The game lasted 00:06:44 (5023 turns).

robertstho the Grappler (Troll Fighter)             Turns: 5023, Time: 00:06:46

HP:   -5/73 (79)    AC:  8    Str: 26    XL:     8   Next: 90%
MP:   7/7           EV:  9    Int:  5    God:    Gozag
Gold: 811           SH: 14    Dex:  9    Spells: 7/7 levels left

rFire    . . .     SeeInvis .     - Unarmed
rCold    + . .     Faith    .   b - +0 kite shield
rNeg     . . .     Spirit   .   a - +0 robe
rPois    .         Reflect  +   (helmet restricted)
rElec    .         Harm     .   B - +1 cloak
rCorr    +         Rampage  .   (gloves unavailable)
Will     .....                  (boots unavailable)
Stlth    +.........             k - amulet of reflection
HPRegen  0.62/turn              j - ring of resist corrosion
MPRegen  0.10/turn              s - ring of protection from cold

@: hasted, drained, very quick
A: large, unfitting armour, claws 3, regeneration 1, shaggy fur 1, tough skin 3
a: Renounce Religion, Potion Petition, Call Merchant, Bribe Branch


You were in a bailey.
You worshipped Gozag.
Gozag was pleased with you.
You visited 2 branches of the dungeon, and saw 8 of its levels.
You also visited: Bailey.

You collected 896 gold pieces.
You paid 85 gold pieces to Gozag.

Inventory:

Hand Weapons
 A - a +1 morningstar of draining
Armour
 a - a +0 robe (worn)
 b - a +0 kite shield (worn)
 B - a +1 cloak (worn)
Jewellery
 g - an uncursed ring of fire
 j - a ring of resist corrosion (left claw)
 k - an amulet of reflection (around neck)
 s - a ring of protection from cold (right claw)
Wands
 y - a wand of paralysis (3)
 D - a wand of digging (7)
 E - a wand of enslavement (10)
Scrolls
 d - a scroll of magic mapping
 f - a scroll of fear
 i - 4 scrolls of immolation
 l - a scroll of blinking
 n - 2 scrolls of remove curse
 o - 3 scrolls of enchant armour
 p - 7 scrolls of teleportation
 t - a scroll of noise {unknown}
Potions
 c - 2 potions of might
 e - a potion of lignification {unknown}
 m - a potion of resistance {unknown}
 r - 2 potions of curing
 u - a potion of ambrosia
 v - a potion of haste
 z - 2 potions of flight


   Skills:
 * Level 4.7 Fighting
 + Level 4.2 Dodging
 + Level 1.0 Stealth
 + Level 4.2 Shields
 * Level 8.5 Unarmed Combat


You had 7 spell levels left.
You didn't know any spells.
Your spell library was empty.

Dungeon Overview and Level Annotations

Branches:
Dungeon (7/15)             Temple (1/1) D:4          Bailey (1/1)

Altars:
Ashenzari
Cheibriados
Elyvilon
Fedhas
Gozag
Kikubaaqudgha
Makhleb
Nemelex Xobeh
Okawaru
Qazlal
Ru
Sif Muna
Trog
Uskayaw
Vehumet
Wu Jian
Xom
Yredelemnul
Zin
The Shining One

Shops:
D:5 (   D:7 [

Annotations:
D:5 2 transporters, Sonofthefire's ghost, weakling OpDe
D:7 1 runed translucent door, Snicker's ghost, weakling DsDe


Innate Abilities, Weirdness & Mutations

You are too large for most types of armour.
You have claws for hands.
Your natural rate of healing is unusually fast.
You are covered in fur. (AC +1)
You have extremely tough skin. (AC +3)


Message History

The ufetubus closely misses you.
The ufetubus hits you but does no damage.
You feel much better. You block the sun demon's attack.
You block the hobgoblin's attack. You block the ufetubus's attack.
The ufetubus closely misses you. The red devil closely misses you.
The kobold demonologist hits you but does no damage.
You barely miss the kobold demonologist.
The kobold demonologist is heavily wounded.
You block the ufetubus's attack. The ufetubus hits you.
You block the sun demon's attack. The hobgoblin barely misses you.
The red devil hits you from afar with a +1 demon trident of draining!
You feel drained.
The ufetubus hits you but does no damage.
The ufetubus barely misses you.
The shadow imp laughs crazily.
You feel yourself speed up. The sun demon hits you!!
* * * LOW HITPOINT WARNING * * *
You are engulfed in flames!
You die...
Your body crumbles into a pile of gold.

#≈≈≈≈≈# $ #≈≈≈≈≈#
#+####### #≈≈≈≈≈#
#.......# #≈≈≈≈≈#
+.8.8.8.# #≈≈≈≈≈#
##.5.....######≈≈≈≈≈#
#.oK@#......#.≈≈≈≈≈≈#
#..#.g3g#......#.≈≈≈≈≈.#
#..#.54K#####''#.≈≈≈≈≈..
#..#..o5##....)#.≈≈≈≈≈..
## #....##....)'........
#._..##..⌠.)'........
#....##.....'........
#....##.....#.≈≈≈≈≈..
####++#.≈≈≈≈≈..


You could see a sun demon (summoned), 2 kobold demonologists, a red devil
(summoned), an orc warrior, a gnoll, a white imp (summoned), a shadow imp
(summoned), an orc, an ufetubus (summoned) and a hobgoblin.

Vanquished Creatures
  Sigmund (D:3)
  2 orc warriors (D:6)
  3 ogres
  A big kobold (D:7)
  4 bullfrogs
  A scorpion (D:5)
  3 howler monkeys
  3 hounds
  A centaur skeleton (D:5)
  A jelly (D:5)
  3 orc priests
  3 orc wizards (D:6)
  4 worker ants
  A hound zombie (D:6)
  A hound skeleton (D:6)
  4 gnolls
  13 adders
  A shadow imp (D:5)
  2 white imps
  4 oozes
  2 adder skeletons
  An adder zombie (D:6)
  3 worms (D:2)
  3 dart slugs
  4 leopard geckos
  23 orcs
  4 bats
  7 giant cockroaches
  6 goblins
  7 hobgoblins
  11 jackals
  8 kobolds
  4 ball pythons
  4 frilled lizards
  8 rats
151 creatures vanquished.

Vanquished Creatures (others)
  2 plants (D:7)
2 creatures vanquished.

Grand Total: 153 creatures vanquished

Notes
Turn   | Place    | Note
-------+----------+-------------------------------------------
     0 | D:1      | robertstho the Troll Fighter began the quest for the Orb.
     0 | D:1      | Reached XP level 1. HP: 22/22 MP: 0/0
   737 | D:2      | Reached XP level 2. HP: 29/29 MP: 1/1
   812 | D:2      | Reached XP level 3. HP: 36/36 MP: 2/2
  1230 | D:2      | Reached XP level 4. HP: 42/45 MP: 3/3
  1338 | D:2      | Reached skill level 3 in Unarmed Combat
  1550 | D:3      | Noticed Sigmund
  1569 | D:3      | Killed Sigmund
  1570 | D:3      | Reached skill level 4 in Unarmed Combat
  1570 | D:3      | Reached XP level 5. HP: 49/53 MP: 4/4
  1572 | D:3      | Reached XP level 6. HP: 58/61 MP: 5/5
  1656 | D:3      | Found a white marble altar of Elyvilon.
  1656 | D:3      | Found a glowing silver altar of Zin.
  1658 | D:3      | Found a glowing golden altar of the Shining One.
  2306 | D:4      | Found a staircase to the Ecumenical Temple.
  2332 | D:4      | Reached skill level 5 in Unarmed Combat
  2352 | Temple   | Entered the Ecumenical Temple
  2377 | Temple   | Became a worshipper of Gozag Ym Sagoz the Greedy
  2613 | D:4      | You fall into a shaft and drop 1 floor!
  2613 | D:5      | Entered Level 5 of the Dungeon
  2663 | D:5      | Reached XP level 7. HP: 57/68 MP: 6/6
  3400 | D:5      | Reached skill level 6 in Unarmed Combat
  3523 | D:5      | Found a transporter.
  3524 | D:5      | Noticed Sonofthefire's ghost (weakling OpDe)
  3567 | D:5      | Found a transporter.
  3569 | D:5      | Found Juowaa's Weapon Boutique.
  3814 | D:6      | Reached XP level 8. HP: 65/78 MP: 7/7
  3929 | D:6      | Reached skill level 7 in Unarmed Combat
  4424 | D:6      | Reached skill level 8 in Unarmed Combat
  4455 | D:6      | Found a shimmering blue altar of Sif Muna.
  4572 | D:6      | Found a burning altar of Makhleb.
  4575 | D:6      | Found an ornate altar of the Wu Jian Council.
  4577 | D:6      | Found a basalt altar of Yredelemnul.
  4787 | D:7      | Noticed Snicker's ghost (weakling DsDe)
  4811 | D:7      | Found Pacuene's Antique Armour Emporium.
  4854 | D:7      | Found a runed translucent door.
  4873 | D:7      | Found a flagged portal.
  4893 | D:7      | Reached skill level 1 in Stealth
  4946 | Bailey   | Entered a bailey
  5004 | Bailey   | Found an iron altar of Okawaru.
  5004 | Bailey   | Noticed a kobold demonologist
  5004 | Bailey   | Noticed a kobold demonologist
  5005 | Bailey   | Noticed a soul eater
  5012 | Bailey   | Noticed a red devil
  5013 | Bailey   | Noticed a sun demon
  5023 | Bailey   | Slain by a sun demon

Illustrated notes

Levels and vault maps discovered:
D:1:      dpeg_arrival_line_fractal, layout_loops_ring, minivault_5
D:2:      layout_basic, serial_corexii_hall, chequers_hall_statues_wall_a,
          chequers_hall_statues_y, minmay_worlds_worst_comb
D:3:      layout_loops_cross, good_gods_temple_1, guppyfry_early_orc_mine,
          uniq_sigmund
D:4:      layout_basic, minmay_temple_entry_glassed_door
D:5:      layout_rooms, gammafunk_ghost_mausoleum, serial_shops, shop
D:6:      layout_gridville, tgw_sif, grunt_temple_overflow_open,
          minmay_misc_feat_tiny
D:7:      layout_basic, riverfiend_overflow_shadow_ancestor,
          hellmonk_ghost_happy_afterlife, serial_shops,
          nicolae_shop_overgrown_old_shop, enter_bailey_8, minmay_mini_ossuary
Temple:   cyrus_circular_temple
Bailey:   bailey_axe_of_yendor_kennysheep, bailey

Skill      XL: |  1  2  3  4  5  6  7  8 |
---------------+-------------------------+-----
Fighting       | 3 4 |  4.7
Unarmed Combat | 4 5 6 8 |  8.5
Shields        | 3 4 |  4.2
Dodging        | 3 4 |  4.2
Stealth        | 1 |  1.0

Action                   |  1- 3 |  4- 6 |  7- 9 || total
-------------------------+-------+-------+-------++-------
Melee: Unarmed           |    72 |   155 |   268 ||   495
  Use: Scroll            |       |       |    16 ||    16
       Potion            |       |       |     3 ||     3
 Stab: Sleeping          |       |     1 |     1 ||     2
Armor: Robe              |    15 |    28 |    67 ||   110
Dodge: Dodged            |    20 |    36 |   101 ||   157
Block: Kite shield       |    19 |    63 |   137 ||   219
       Reflection        |       |       |     4 ||     4

Table legend: (Time is in decaauts)
 A = Elapsed time spent in this place.
 B = Non-inter-level travel time spent in this place.
 C = Inter-level travel time spent in this place.
 D = Time resting spent in this place.
 E = Time spent auto-exploring this place.
 F = Levels seen in this place.
 G = Mean time per level.
                   A        B        C        D        E       F      G
               +--------+--------+--------+--------+--------+-----+--------+
         Total |   4999 |   4707 |    292 |      0 |   3749 |   9 |  555.4 |
       Dungeon |   4889 |   4609 |    280 |      0 |   3709 |   7 |  698.4 |
        Temple |     36 |     25 |     11 |      0 |      9 |   1 |   36.0 |
        Bailey |     73 |     73 |      0 |      0 |     31 |   1 |   73.0 |
               +--------+--------+--------+--------+--------+-----+--------+

Top non-repeatable levels by time:
     D:4: 1128 daAuts
     D:6: 1026 daAuts
     D:2: 781 daAuts
     D:1: 694 daAuts
     D:3: 619 daAuts
     D:5: 482 daAuts
     D:7: 156 daAuts
  Bailey: 73 daAuts
  Temple: 36 daAuts
